 Dungeon Crawl Stone Soup version 0.14-a0-663-gfc8c466 (webtiles) character file.

24 4tharraofdagon the Ruffian (level 2, 0/25 HPs)
             Began as a Troll Monk on Nov 6, 2013.
             Succumbed to an adder's poison
             ... on Level 2 of the Dungeon.
             The game lasted 00:00:56 (139 turns).

4tharraofdagon the Ruffian (Troll Monk)              Turns: 139, Time: 00:00:56

HP   0/25        AC  8     Str 16      XL: 2   Next: 31%
MP   0/0         EV 10     Int  6      God:
Gold 10          SH  0     Dex 10      Spells:  0 memorised,  1 level left

Res.Fire  : . . .   See Invis. : .     - Unarmed
Res.Cold  : . . .   Warding    : .   a - +0 robe
Life Prot.: . . .   Conserve   : .   (shield restricted)
Res.Poison: .       Res.Corr.  : .   (helmet restricted)
Res.Elec. : +       Clarity    : .   (no cloak)
Sust.Abil.: . .     Spirit.Shd : .   (gloves unavailable)
Res.Mut.  : .       Stasis     : .   (boots unavailable)
Res.Rott. : .       Flight     : .   (no amulet)
Gourmand  : +                        d - ring of sustenance
                                     e - cursed ring of hunger

@: quite poisoned, not resistant to hostile enchantments, unstealthy
A: unfitting armour, claws 3, fangs 1, blink 1, deformed body, fast metabolism
3, -10% hp, gourmand, regeneration 2, saprovore 2, electricity resistance, tough
skin 2, AC +5, Str -2, Dex -2
a: Blink


You were on level 2 of the Dungeon.
You were full.

You visited 1 branch of the dungeon, and saw 2 of its levels.

You collected 10 gold pieces.

Inventory:

Armour
 a - a +0 robe (worn)
Comestibles
 b - 2 meat rations
 c - a choko
Jewellery
 d - a ring of sustenance (right claw)
 e - a cursed ring of hunger (left claw)


   Skills:
 - Level 2.4 Fighting
 - Level 2.4 Dodging
 - Level 1.1 Stealth
 * Level 4.6 Unarmed Combat


You had one spell level left.
You didn't know any spells.

Dungeon Overview and Level Annotations

Branches:
Dungeon (2/27)

Altars:


Innate Abilities, Weirdness & Mutations

You are too large for most types of armour.
You have claws for hands.
Your metabolism is lightning-fast.
You like to eat raw meat.
You heal very quickly.
You can eat rotten meat.
You are covered in fur (AC +1).
You have very tough skin (AC +2).
You have very sharp teeth.
You are partially covered in iridescent scales (AC +4).
You can translocate small distances at will.
You are clumsy. (Dex -2)
Armour fits poorly on your strangely shaped body.
You are frail (-10% HP).
You are resistant to electric shocks.
You are weak. (Str -2)


Message History

You feel sick.
You stop butchering the corpse.
* * * LOW HITPOINT WARNING * * *
You feel sick.
You stop butchering the corpse.
* * * LOW HITPOINT WARNING * * *
You feel sick.
Unknown command.
You finish ripping the adder corpse into pieces.
Things that are here:
an adder skeleton; a chunk of adder flesh
* * * LOW HITPOINT WARNING * * *
You feel sick.
There isn't anything to butcher here.
Eat a chunk of adder flesh? (ye/n/q/i?) This raw flesh tastes great.
* * * LOW HITPOINT WARNING * * *
You feel sick.
You continue eating.
You die...

#######
#..@..#
#####.###.#
###...#.# #
#...#.#.###
#...#<#...#
#...#####.#
#.......#.#
#######.#.#
#...#


There were no monsters in sight!

Vanquished Creatures
  An adder (D:2)
  2 bats
  A goblin (D:1)
  2 kobolds (D:1)
6 creatures vanquished.

Notes
Turn   | Place    | Note
--------------------------------------------------------------
     0 | D:1      | 4tharraofdagon, the Troll Monk, began the quest for the Orb.
     0 | D:1      | Reached XP level 1. HP: 20/20 MP: 0/0
    43 | D:1      | Paralysed by a potion of paralysis for 3 turns
    46 | D:1      | Gained mutation: You are frail (-10% HP). [potion of mutation]
    46 | D:1      | Gained mutation: You are partially covered in iridescent scales (AC +4). [potion of mutation]
    46 | D:1      | Gained mutation: You have very sharp teeth. [potion of mutation]
    49 | D:1      | Gained mutation: You are clumsy. (Dex -2) [potion of mutation]
    49 | D:1      | Gained mutation: You are weak. (Str -2) [potion of mutation]
    49 | D:1      | Gained mutation: You are resistant to electric shocks. [potion of mutation]
   104 | D:2      | Gained mutation: Armour fits poorly on your strangely shaped body. [potion of mutation]
   104 | D:2      | Gained mutation: You can translocate small distances at will. [potion of mutation]
   132 | D:2      | Reached XP level 2. HP: 4/25 MP: 0/0
   137 | D:2      | HP: 1/25 [poisoned by an adder]
   139 | D:2      | Succumbed to an adder's poison

Action                   || total
-------------------------++-------
Melee: Unarmed           ||    25
  Use: Potion            ||     4
